Map: [ESL] Oceanborn

Players

SKillous

  • Race: Protoss Protoss
  • Spawn Location: 11:00

Krystianer - Winner!

  • Race: Protoss Protoss
  • Spawn Location: 5:00

Event: ESL SC2 Masters 2023 Winter (Regional)

VOD

Have the link to the VOD?

Description

Time

  • Played on: Nov. 16, 2023, 1:21 p.m.
  • Length: 13:46

All games in this series

Show
View Real Time Build Order
Export as new Build Order

SKillous Protoss 

Build Orders: Blink Stalkers 

Get SALT Encoding   

  12  0:00  Probe  
  13  0:12  Probe  
  14  0:17  Pylon  
  14  0:24  Probe  
  15  0:35  Gateway  
  15  0:36  Probe (Chrono Boost)  
  16  0:43  Assimilator  
  16  0:46  Probe (Chrono Boost)  
  17  0:51  Assimilator  
  17  0:53  Probe (Chrono Boost)  
  18  1:05  Probe (Chrono Boost)  
  18  1:07  Gateway  
  19  1:13  Probe (Chrono Boost)  
  20  1:20  Probe  
  20  1:23  Cybernetics Core  
  21  1:32  Probe  
  22  1:34  Pylon  
  22  1:44  Probe  
  23  1:56  Probe  
  23  2:00  Stalker  
  23  2:01  Warp Gate, Stalker  
  28  2:07  Pylon  
  28  2:24  Shield Battery  
  28  2:30  Stalker  
  28  2:31  Stalker  
  31  2:51  Nexus  
  31  2:54  Probe  
  32  3:00  Sentry x2  
  36  3:06  Probe  
  36  3:11  Pylon  
  37  3:19  Twilight Council  
  37  3:22  Probe  
  38  3:34  Probe  
  39  3:46  Probe  
  40  3:49  Stalker x2  
  44  3:58  Probe  
  44  3:59  Blink (Chrono Boost)  
  45  4:06  Probe  
  46  4:11  Probe  
  47  4:18  Probe, Stalker  
  47  4:21  Stalker  
  47  4:23  Probe  
  53  4:28  Pylon  
  53  4:30  Probe (Chrono Boost)  
  54  4:38  Probe (Chrono Boost)  
  55  4:42  Probe (Chrono Boost)  
  55  4:43  Stalker  
  55  4:44  Stalker  
  60  4:51  Probe x2 (Chrono Boost)  
  62  4:58  Probe  
  62  4:59  Probe  
  64  5:01  Pylon  
  64  5:06  Stalker  
  66  5:07  Stalker  
  68  5:18  Nexus  
  68  5:19  Probe  
  69  5:21  Probe  
  70  5:30  Stalker  
  70  5:32  Pylon  
  70  5:34  Stalker  
  74  5:36  Probe  
  74  5:38  Probe  
  76  5:48  Probe  
  76  5:49  Assimilator  
  73  5:50  Robotics Facility, Probe  
  74  5:57  Stalker  
  74  6:00  Probe  
  74  6:02  Probe  
  74  6:03  Shield Battery  
  78  6:04  Stalker  
  78  6:10  Gateway  
  80  6:12  Probe  
  80  6:14  Probe  
  80  6:15  Forge  
  82  6:24  Probe  
  81  6:26  Probe  
  81  6:30  Probe  
  82  6:35  Probe  
  82  6:36  Probe, Stalker x2  
  82  6:39  Observer (Chrono Boost)  
  89  6:42  Probe  
  89  6:43  Probe  
  89  6:45  Gateway  
  89  6:46  Gateway, Assimilator, Protoss Ground Weapons Level 1 (Chrono Boost)  
  90  6:48  Probe  
  90  6:52  Probe  
  90  6:53  Observer (Chrono Boost)  
  92  6:54  Probe  
  92  6:59  Pylon  
  92  7:00  Probe  
  96  7:02  Stalker  
  96  7:03  Stalker  
  96  7:06  Probe  
  101  7:11  Pylon  
  101  7:13  Assimilator  
  101  7:17  Probe x2  
  101  7:20  Probe  
  104  7:24  Stalker  
  104  7:26  Pylon  
  104  7:27  Pylon  
  104  7:29  Warp Prism (Chrono Boost)  
  107  7:30  Probe  
  105  7:46  Stalker  
  105  7:47  Stalker x3  
  113  7:52  Gateway, Stalker  
  113  7:53  Gateway  
  113  7:56  Pylon  
  115  8:02  Nexus  
  115  8:20  Observer  
  115  8:21  Stalker x5  
  125  8:37  Protoss Ground Weapons Level 2 (Chrono Boost)  
  121  8:46  Stalker x5  
  111  9:03  Stalker x2  
  111  9:09  Stalker x5  
  121  9:13  Gateway  
  121  9:14  Probe (Chrono Boost)  
  121  9:15  Probe (Chrono Boost)  
  125  9:21  Probe x2 (Chrono Boost)  
  125  9:27  Forge  
  125  9:28  Stalker x2  
  125  9:31  Shield Battery  
  129  9:33  Stalker x4, Pylon  
  129  9:36  Stalker  
  139  9:53  Adept x2  
  141  10:00  Stalker x5  
  141  10:04  Probe  
  141  10:06  Shield Battery  
  152  10:12  Adept  
  152  10:13  Adept  
  156  10:15  Stalker  
  156  10:17  Probe  
  151  10:24  Shield Battery  
  151  10:25  Shield Battery  
  151  10:26  Stalker x5  
  151  10:32  Protoss Ground Armor Level 1 (Chrono Boost)  
  151  10:33  Stalker  
  151  10:38  Stalker x2  
  151  10:49  Adept x2  
  155  10:51  Stalker x3  
  159  11:02  Stalker x3  
  161  11:05  Assimilator  
  161  11:06  Pylon  
  161  11:10  Stalker  
  163  11:15  Pylon  
  163  11:16  Pylon  
  163  11:19  Pylon x2  
  163  11:25  Stalker x4  
  167  11:34  Probe x3  
  170  11:45  Stalker  
  170  11:46  Nexus, Stalker x3  
  172  11:48  Pylon  
  172  11:50  Adept x2  
  172  11:52  Stalker x2  
  180  11:54  Shield Battery  
  180  11:57  Shield Battery  
  180  11:59  Pylon  
  158  12:09  Stalker x4  
  160  12:22  Stalker x3  
  146  12:31  Adept  
  123  12:38  Stalker x3  
  123  12:39  Stalker  
  115  12:47  Stalker x2  
  115  12:48  Stalker  
  97  13:01  Stalker  
  89  13:06  Stalker  
  89  13:07  Stalker x3  
  89  13:11  Stalker x3  
  94  13:24  Stalker  
  94  13:25  Probe  
  83  13:27  Probe  
  83  13:33  Stalker x2  
  83  13:34  Stalker x2  
  83  13:36  Stalker x3  
Show
View Real Time Build Order
Export as new Build Order

Krystianer Protoss - Winner!

Build Orders: Blink Stalkers 

Get SALT Encoding   

  12  0:01  Probe  
  13  0:13  Probe  
  14  0:17  Pylon  
  14  0:25  Probe (Chrono Boost)  
  16  0:37  Probe (Chrono Boost)  
  16  0:38  Gateway  
  16  0:42  Probe (Chrono Boost)  
  16  0:46  Assimilator  
  17  0:52  Probe  
  17  0:54  Assimilator  
  18  1:04  Probe (Chrono Boost)  
  19  1:09  Gateway  
  19  1:13  Probe (Chrono Boost)  
  19  1:18  Probe (Chrono Boost)  
  20  1:24  Cybernetics Core  
  21  1:30  Probe  
  22  1:36  Pylon  
  22  1:42  Probe  
  23  1:54  Probe  
  23  2:00  Stalker x2  
  23  2:01  Warp Gate  
  28  2:07  Shield Battery  
  28  2:10  Probe  
  29  2:17  Pylon  
  29  2:22  Probe  
  30  2:35  Sentry  
  31  2:44  Nexus  
  31  2:47  Probe  
  32  2:55  Twilight Council  
  32  2:59  Probe  
  32  3:04  Pylon  
  33  3:11  Stalker  
  35  3:14  Probe  
  35  3:18  Blink (Chrono Boost)  
  36  3:26  Probe  
  37  3:35  Pylon  
  37  3:38  Probe  
  38  3:52  Probe (Chrono Boost)  
  38  3:53  Stalker  
  38  3:54  Stalker  
  43  3:58  Probe (Chrono Boost)  
  45  4:06  Probe (Chrono Boost)  
  45  4:08  Probe (Chrono Boost)  
  46  4:14  Probe (Chrono Boost)  
  46  4:17  Probe (Chrono Boost)  
  48  4:18  Stalker x2  
  48  4:19  Probe (Chrono Boost)  
  53  4:26  Pylon  
  53  4:31  Probe  
  54  4:32  Probe  
  55  4:41  Stalker x2  
  55  4:45  Robotics Facility  
  59  4:50  Probe x2  
  59  4:52  Pylon  
  61  5:06  Adept x2  
  65  5:09  Nexus  
  65  5:10  Probe  
  65  5:13  Probe  
  67  5:17  Pylon  
  67  5:23  Forge  
  67  5:25  Probe x2  
  69  5:35  Stalker x2  
  71  5:37  Probe x2  
  71  5:40  Shield Battery  
  73  5:49  Probe x2  
  75  5:50  Nexus  
  75  5:54  Pylon  
  75  5:59  Protoss Ground Weapons Level 1 (Chrono Boost)  
  75  6:01  Probe  
  75  6:02  Probe  
  77  6:06  Nexus  
  77  6:10  Charge  
  77  6:13  Probe  
  77  6:17  Stalker x2  
  82  6:18  Probe  
  82  6:25  Probe  
  84  6:31  Probe  
  81  6:33  Shield Battery  
  81  6:37  Probe  
  81  6:39  Gateway  
  82  6:41  Gateway  
  82  6:42  Pylon  
  82  6:45  Stalker  
  82  6:46  Stalker  
  86  6:58  Gateway  
  86  7:00  Observer, Gateway, Probe x2  
  89  7:09  Stalker x2  
  89  7:11  Probe  
  94  7:19  Gateway  
  94  7:20  Shield Battery, Probe  
  94  7:22  Observer  
  96  7:23  Gateway  
  96  7:24  Probe  
  96  7:30  Gateway x2  
  96  7:31  Probe x2  
  96  7:32  Probe  
  96  7:37  Stalker  
  99  7:43  Stalker  
  99  7:44  Pylon  
  99  7:49  Probe (Chrono Boost)  
  103  7:51  Probe (Chrono Boost)  
  103  7:52  Probe x2 (Chrono Boost)  
  103  7:54  Protoss Ground Weapons Level 2 (Chrono Boost), Warp Prism (Chrono Boost)  
  105  8:04  Probe x2 (Chrono Boost)  
  107  8:08  Zealot x4  
  113  8:14  Stalker x2  
  117  8:20  Zealot x2  
  121  8:29  Pylon  
  121  8:30  Pylon  
  121  8:31  Pylon  
  116  8:36  Zealot x2  
  112  8:44  Zealot x3  
  112  8:47  Zealot x5  
  122  8:53  Probe  
  122  8:54  Immortal (Chrono Boost)  
  117  8:59  Zealot x2  
  113  9:06  Zealot x3  
  113  9:08  Zealot x3, Shield Battery  
  113  9:09  Zealot  
  125  9:12  Shield Battery  
  125  9:16  Zealot  
  127  9:20  Zealot  
  127  9:21  Zealot  
  129  9:27  Zealot x2  
  129  9:28  Zealot  
  135  9:31  Zealot x2  
  135  9:32  Pylon  
  135  9:33  Pylon  
  139  9:44  Protoss Ground Weapons Level 3 (Chrono Boost)  
  135  9:46  Pylon  
  135  9:50  Pylon  
  127  9:54  Pylon  
  127  9:57  Zealot  
  127  9:58  Zealot x9  
  145  10:05  Pylon  
  145  10:06  Probe  
  145  10:07  Pylon  
  145  10:12  Probe  
  144  10:17  Zealot  
  144  10:18  Zealot x7  
  153  10:21  Zealot  
  153  10:22  Zealot  
  153  10:24  Probe  
  148  10:29  Probe  
  148  10:32  Probe  
  145  10:38  Zealot x5  
  154  10:42  Probe  
  154  10:46  Observer (Chrono Boost)  
  154  10:49  Stalker x4  
  151  11:07  Zealot x6  
  160  11:12  Zealot x4  
  160  11:17  Pylon  
  168  11:20  Probe  
  168  11:21  Probe  
  161  11:35  Stalker  
  161  11:36  Stalker x7  
  173  11:47  Pylon  
  173  11:51  Zealot x2  
  161  12:05  Zealot x8  
  161  12:06  Probe  
  150  12:09  Probe  
  150  12:11  Stalker x2  
  150  12:12  Probe  
  150  12:15  Probe  
  147  12:18  Probe  
  136  12:23  Probe  
  136  12:25  Zealot x7  
  136  12:28  Zealot, Probe  
  136  12:29  Probe  
  138  12:30  Probe  
  138  12:35  Probe  
  138  12:36  Zealot x2  
  121  12:40  Probe  
  121  12:41  Probe  
  121  12:42  Probe  
  112  12:45  Zealot x3  
  112  12:46  Zealot x2  
  112  12:49  Zealot x2  
  109  13:00  Zealot x3  
  107  13:09  Stalker x5  
  109  13:22  Zealot x5  
  107  13:34  Zealot x4, Stalker  
  107  13:43  Zealot x5  
Tags
 
Add a new tag
Caveats
  • Supply blocks, unpowered buildings, or Contaminate may cause inaccurate times.
  • Supply counts are checked every 10 seconds.